 Dungeon Crawl Stone Soup version 0.26.1-11-gd32895ea62 (webtiles) character file.

Game seed: 13986051057575365996

193 Urokeeper the Sneak (level 5, -1/38 HPs)
             Began as a Vampire Brigand on July 22, 2021.
             Killed by divine providence
             ... invoked by an orc priest
              (12 damage)
             ... on level 4 of the Dungeon.
             The game lasted 00:27:37 (1867 turns).

Urokeeper the Sneak (Vampire Brigand)               Turns: 1867, Time: 00:27:38

Health: -1/38      AC:  6    Str: 10    XL:     5   Next: 44%
Magic:  5/5        EV:  8    Int: 14    God:
Gold:   40         SH:  0    Dex: 16    Spells: 4/4 levels left

rFire    . . .     SeeInvis +   a - +2 dagger
rCold    . . .     Faith    .   (no shield)
rNeg     . . .     Spirit   .   h - +0 ring mail
rPois    .         Reflect  .   (no helmet)
rElec    .         Harm     .   c - +0 cloak
rCorr    .         Rampage  .   (no gloves)
Will     .....                  (no boots)
Stlth    +++.......             (no amulet)
HPRegen  0.32/turn              (no ring)
MPRegen  0.09/turn              (no ring)

@: lethally poisoned (-1 -> -2), regenerating quickly, constricted
A: fangs 3, see invisible, unbreathing
a: Exsanguinate


You were on level 4 of the Dungeon.
You visited 1 branch of the dungeon, and saw 5 of its levels.

You collected 40 gold pieces.

Inventory:

Hand Weapons
 a - a +2 dagger (weapon)
 n - a +1 dagger of protection
 t - a +0 hunting sling
Missiles
 d - 20 poisoned darts
 e - 10 curare-tipped darts
 i - 56 arrows
 m - 13 stones
 B - a javelin (quivered)
Armour
 b - a +0 robe
 c - a +0 cloak (worn)
 h - a +0 ring mail (worn)
 s - a +0 leather armour
 v - a +0 chain mail
 C - a +1 hat
Jewellery
 k - an uncursed amulet of the acrobat {unknown}
Scrolls
 f - 3 scrolls of remove curse {unknown}
 l - a scroll of identify {unknown}
 p - a scroll of magic mapping {unknown}
 w - a scroll of fear {unknown}
 x - 2 scrolls of amnesia {unknown}
 y - a scroll of immolation {unknown}
 A - a scroll of summoning {unknown}
Potions
 g - 4 potions of brilliance {unknown}
 j - a potion of haste {unknown}
 o - 2 potions of curing {unknown}
 q - a potion of lignification {unknown}
 r - a potion of resistance {unknown}
 u - a potion of attraction {unknown}
 z - a potion of heal wounds {unknown}


   Skills:
 + Level 2.2 Fighting
 + Level 3.4 Short Blades
 + Level 2.5 Throwing
 + Level 1.0 Armour
 + Level 1.9 Dodging
 + Level 7.6 Stealth


You had 4 spell levels left.
You didn't know any spells.
Your spell library was empty.

Dungeon Overview and Level Annotations

Branches:
Dungeon (5/15)
 Temple: D:4-7

Altars:
Ru

Annotations:
D:5 Prince Ribbit


Innate Abilities, Weirdness & Mutations

Your natural rate of healing is unusually fast.
You have razor-sharp teeth.
You have supernaturally acute eyesight. (SInv)
You can survive without breathing.


Message History

The ball python bites you but does no damage.
The ball python constricts you. The adder bites you but does no damage.
You hit the adder but do no damage. Your bite misses the adder.
The adder is almost dead.
You feel sick. The adder bites you.
You are more poisoned.
The adder poisons you! The orc hits you with a +0 club.
The ball python bites you but does no damage.
The ball python constricts you.
You miss the adder. Your bite misses the adder.
The adder is almost dead.
The orc priest hits you but does no damage.
The adder closely misses you. The ball python closely misses you.
The ball python constricts you. The orc hits you but does no damage.
You hit the adder.
You kill the adder!
You feel sick.
The orc priest calls down the wrath of Beogh upon you.
Beogh smites you!
You die...

....... .#
.../... ...
....... ....
.....=. #....
....... ......
....... #......
.......##.....).
.....oS@>...#
......oo##......
.......$. .....
.......... ....
..........# ...
........... ..
.........#.. .
.........###.


You could see an orc priest, an orc wizard, an orc and a ball python.

Vanquished Creatures
  An orc wizard (D:2)
  An iguana (D:5)
  Natasha (D:2)
  A hound zombie (D:5)
  3 adders
  A gnoll (D:1)
  A worm (D:2)
  A leopard gecko (D:2)
  4 giant cockroaches
  7 hobgoblins
  4 jackals (D:1)
  A quokka (D:2)
  A ball python (D:1)
  11 bats
  4 frilled lizards
  7 goblins
  11 kobolds
  2 rats (D:1)
62 creatures vanquished.

Vanquished Creatures (others)
  A withered plant (D:5)
1 creature vanquished.

Grand Total: 63 creatures vanquished

Notes
Turn   | Place    | Note
-------+----------+-------------------------------------------
     0 | D:1      | Urokeeper the Vampire Brigand began the quest for the Orb.
     0 | D:1      | Reached XP level 1. HP: 16/16 MP: 1/1
    37 | D:1      | Reached skill level 6 in Stealth
    72 | D:1      | Reached XP level 2. HP: 17/22 MP: 2/2
   175 | D:1      | Reached skill level 7 in Stealth
   224 | D:1      | Reached XP level 3. HP: 27/27 MP: 3/3
  1185 | D:2      | Found a sacrificial altar of Ru.
  1200 | D:2      | Reached XP level 4. HP: 29/33 MP: 4/4
  1542 | D:2      | Noticed Natasha
  1553 | D:2      | Killed Natasha
  1554 | D:2      | Reached XP level 5. HP: 37/38 MP: 5/5
  1710 | D:3      | You fall into a shaft and drop 2 floors!
  1710 | D:5      | Entered Level 5 of the Dungeon
  1711 | D:5      | Noticed a phantom
  1765 | D:5      | Reached skill level 1 in Armour
  1819 | D:5      | Noticed Prince Ribbit
  1867 | D:4      | Killed from afar by an orc priest

Illustrated notes

Levels and vault maps discovered:
D:1:      scummos_arrival_hexagon, layout_basic
D:2:      layout_loops_ring, nicolae_ru_great_annihilating_truth, serial_rivers,
          chequers_serial_rivers_large_b, chequers_serial_rivers_micro_d,
          chequers_serial_rivers_small_3, chequers_serial_rivers_micro_d,
          chequers_serial_rivers_small_3, chequers_serial_rivers_micro_e,
          uniq_natasha
D:3:      layout_basic, portal_sewer_entry_a
D:4:      layout_rooms, makhleb_blood_cavern_becter, uniq_menkaure, uniq_grinder
D:5:      kennysheep_kobold_camp, layout_rooms, serial_undead, serial_undead_a,
          serial_undead_c, serial_undead_c, serial_undead_d, uniq_prince_ribbit1

Skill      XL: |  1  2  3  4  5 |
---------------+----------------+-----
Stealth        | 6 7 |  7.6
Fighting       | 2 |  2.2
Short Blades   | 3 |  3.4
Throwing       | 2 |  2.5
Armour         | 1 |  1.0
Dodging        | |  1.9

Action                   |  1- 3 |  4- 6 || total
-------------------------+-------+-------++-------
Melee: Dagger            |   112 |    70 ||   182
       Bite              |    13 |     6 ||    19
 Fire: Hunting sling     |       |     1 ||     1
Throw: Javelin           |    14 |    12 ||    26
       Dart              |       |     6 ||     6
 Stab: Sleeping          |     3 |       ||     3
       Paralysed         |       |     1 ||     1
Armor: Ring mail         |    39 |    23 ||    62
Dodge: Dodged            |    50 |    35 ||    85
